 Dungeon Crawl Stone Soup version 0.19.5 (webtiles) character file.

77 wolfsongas the Slasher (level 4, -3/31 HPs)
             Began as an Octopode Fighter on May 6, 2017.
             Slain by Grinder (11 damage)
             ... on level 2 of the Dungeon.
             The game lasted 00:04:57 (1612 turns).

wolfsongas the Slasher (Octopode Fighter)           Turns: 1612, Time: 00:04:58

Health: -3/31      AC: -3    Str: 15    XL:     4   Next: 34%
Magic:  4/4        EV: 12    Int: 10    God:
Gold:   47         SH:  9    Dex: 12    Spells: 0 memorised, 3 levels left

rFire  . . .     SeeInvis .     a - +0 long sword
rCold  . . .     Gourm    .     b - +0 shield
rNeg   . . .     Faith    .     (helmet restricted)
rPois  .         Spirit   .     (no amulet)
rElec  .         Reflect  .     e - -4 ring of protection (curse)
rCorr  .         Harm     .     (no ring)
MR     .....                    (no ring)
Stlth  ++........               (no ring)
                                (no ring)
                                (no ring)
                                (no ring)
                                (no ring)

@: no status effects
A: almost no armour, stealthy swim, amphibious, 8 rings, constrict 8, camouflage
1, gelatinous body 1
a: no special abilities


You were on level 2 of the Dungeon.
You were full.

You visited 1 branch of the dungeon, and saw 3 of its levels.

You collected 47 gold pieces.

Inventory:

Hand Weapons
 a - a +0 long sword (weapon)
 f - a cursed -2 flail
Armour
 b - a +0 shield (worn)
Jewellery
 e - a cursed -4 ring of protection (left tentacle)
Scrolls
 h - a scroll of identify
Potions
 c - a potion of might
 g - a potion of curing
Comestibles
 d - 2 bread rations


   Skills:
 - Level 3.0 Fighting
 * Level 4.0 Long Blades
 - Level 3.0 Dodging
 + Level 3.5 Shields


You had 3 spell levels left.
You didn't know any spells.

Dungeon Overview and Level Annotations

Branches:
Dungeon (3/15)

Altars:

Annotations:
D:2 Grinder


Innate Abilities, Weirdness & Mutations

You cannot wear most types of armour.
You are very stealthy in the water. (Stealth+)
You are amphibious.
You can wear up to eight rings at the same time.
You can use your tentacles to constrict eight enemies at once.
Your skin changes colour to match your surroundings (Stealth+).
Your rubbery body absorbs attacks. (AC +1, EV +1)


Message History

You constrict the hobgoblin. You block the hobgoblin's attack.
Grinder gestures at you.
You suddenly lose the ability to move!
You lose your grip on the hobgoblin.
The hobgoblin hits you. x2
Grinder blinks!
The hobgoblin hits you. Grinder hits you!
You writhe in agony.
* * * LOW HITPOINT WARNING * * *
You can move again.
The hobgoblin barely misses you.
You riposte.
You hit the hobgoblin. You grab the hobgoblin.
The hobgoblin is almost dead.
Grinder blinks!
You climb upwards.
There is a stone staircase leading down here.
There are monsters nearby!
You are too injured to fight recklessly!
You are too injured to fight recklessly!
You are too injured to fight recklessly!
You block the hobgoblin's attack. Grinder hits you!
You die...

#...####.# #...<...........##..
#........# #...#####.......##..
#...##########.## ##########.#
#...# #.....# ##.>
#...#######.##..########### #...
#.........#.......#.......# #..#
##...#####.#>##..#.#.......#
#...
...............5...#.......#
#...
..............#g@..........#
#.#.
..............#....#.......#
#.#.
##.........#..#....#.......#
#...
#...#######.......#.......#####.
#...# ##.###..#####.......#.
#...# #......#.......###.#†
#...# #####.##.###.#.###.#.
#...# #.##........##.#. ##.#.##
#.##.##.....##.#.


You could see Grinder and a hobgoblin.

Vanquished Creatures
  2 adders (D:2)
  A worm (D:2)
  2 dart slugs (D:1)
  4 leopard geckos (D:1)
  9 bats
  4 giant cockroaches
  3 goblins
  6 hobgoblins
  2 jackals (D:2)
  4 kobolds
  A quokka (D:1)
  2 frilled lizards
  4 rats
44 creatures vanquished.

Notes
Turn   | Place    | Note
-------+----------+-------------------------------------------
     0 | D:1      | wolfsongas the Octopode Fighter began the quest for the Orb.
     0 | D:1      | Reached XP level 1. HP: 16/16 MP: 1/1
    50 | D:1      | Reached XP level 2. HP: 16/21 MP: 2/2
   197 | D:1      | Reached skill level 3 in Long Blades
   516 | D:1      | Reached XP level 3. HP: 24/26 MP: 3/3
  1138 | D:2      | Reached XP level 4. HP: 19/31 MP: 4/4
  1560 | D:2      | Reached skill level 4 in Long Blades
  1605 | D:3      | Noticed Grinder
  1606 | D:3      | Paralysed by Grinder for 4 turns
  1612 | D:2      | Slain by Grinder

Skill      XL: |  1  2  3  4 |
---------------+-------------+-----
Long Blades    | 3 4 |  4.0
Fighting       | |  3.0
Dodging        | |  3.0
Shields        | |  3.5

Action                   |  1- 3 |  4- 6 || total
-------------------------+-------+-------++-------
Melee: Long sword        |    64 |     9 ||    73
       Constrict         |    18 |     5 ||    23
       Tentacles         |    12 |     1 ||    13
  Use: Potion            |     4 |       ||     4
       Scroll            |     5 |     1 ||     6
 Stab: Sleeping          |     3 |     1 ||     4
  Eat: Fruit             |     3 |       ||     3
       Bread ration      |       |     1 ||     1
Armor: Skin              |     9 |       ||     9
Dodge: Dodged            |    32 |     1 ||    33
Block: Shield            |    43 |     3 ||    46
       Rpst.: Long sword |    12 |     1 ||    13
